 Dungeon Crawl Stone Soup version 0.31-a0-774-g0d66cbabe8 (webtiles) character file.

Game seed: 18124893940288310184

491 Shayle the Ruffian (level 7, -28/62 HPs)
             Began as an Ogre Hexslinger on Sept 18, 2023.
             Killed by an exploding ufetubus (34 damage)
             ... ignited by their inner flame
             ... on level 4 of the Dungeon.
             The game lasted 00:11:53 (4219 turns).

Shayle the Ruffian (Ogre Hexslinger)                Turns: 4219, Time: 00:11:55

Health: -28/62     AC:  5    Str: 13    XL:     7   Next: 14%
Magic:  17/17      EV: 10    Int: 22    God:
Gold:   229        SH:  0    Dex: 11    Spells: 6/8 levels left

rFire   . . .        a - +1 sling
rCold   . . .        (no shield)
rNeg    . . .        c - +0 robe
rPois   .            p - +1 hat
rElec   .            v - +0 cloak
rCorr   .            (gloves unavailable)
SInv    .            (boots unavailable)
Will    .....        t - amulet of magic regeneration
Stlth   +            f - ring of magical power
HPRegen 0.30/turn    r - +6 ring of intelligence
MPRegen 0.55/turn

%: no passive effects
@: lethally poisoned (-28 -> -33)
A: large, unfitting armour, tough skin 1
a: no special abilities


You were on level 4 of the Dungeon.
You visited 2 branches of the dungeon, and saw 6 of its levels.

You collected 229 gold pieces.

Inventory:

Hand Weapons
 a - a +1 sling (weapon)
 g - a +0 dagger of venom
 o - a +2 vampiric short sword
Armour
 c - a +0 robe (worn)
 p - a +1 hat (worn)
 v - a +0 cloak (worn)
Jewellery
 f - a ring of magical power (left hand)
 r - a +6 ring of intelligence (right hand)
 t - an amulet of magic regeneration (around neck)
Talismans
 l - a flux talisman
Wands
 q - a wand of roots (6)
 s - a wand of charming (1)
Scrolls
 b - a scroll of poison
 u - a scroll of immolation
Potions
 h - 2 potions of mutation


   Skills:
 - Level 1.3 Fighting
 - Level 1.3 Ranged Weapons
 - Level 1.7 Dodging
 + Level 6.5 Unarmed Combat
 - Level 1.2 Spellcasting
 - Level 2.6 Hexes
 - Level 0.8 Fire Magic


You had 6 spell levels left.
You knew the following spells:

 Your Spells              Type           Power      Damage    Failure   Level
a - Jinxbite              Hex            26%        N/A       8%          2

Your spell library contained the following spells:

 Spells                   Type           Power      Damage    Failure   Level
 Sigil of Binding         Hex            13%        N/A       16%         3
 Static Discharge         Conj/Air       2%         2-3/arc   22%         2
 Inner Flame              Hex/Fire       9%         N/A       22%         3
 Cause Fear               Hex            6%         N/A       45%         4
 Dimensional Bullseye     Hex/Tloc       3%         N/A       65%         4
 Airstrike                Air            0%         2d(1-17)  83%         4
 Summon Lightning Spire   Summ/Air       1%         N/A       83%         4


Dungeon Overview and Level Annotations

Branches:
Dungeon (5/15)             Temple (1/1) D:4

Altars:
Dithmenos
Elyvilon
Hepliaklqana
Qazlal
Ru
Sif Muna
Trog
Uskayaw
Vehumet
Xom
Zin
The Shining One

Shops:
D:4 =


Innate Abilities, Weirdness & Mutations

You are too large for most types of armour.
You have tough skin. (AC +1)


Message History

* * * LOW HITPOINT WARNING * * *
As you read the scroll labelled DEROWE PEDGHAE, it crumbles to dust.
A profound silence engulfs you.
It was a scroll of silence.
The adder closely misses you.
The ufetubus hits you but does no damage.
The ufetubus closely misses you. The adder bites you.
* * * LOW HITPOINT WARNING * * *
You are poisoned.
The adder poisons you!
Your magical effects are unravelling.
You feel magically purged.
Your hearing returns.
You feel sick. The ufetubus hits you.
* * * LOW HITPOINT WARNING * * *
The ufetubus closely misses you. The adder bites you.
* * * LOW HITPOINT WARNING * * *
You are more poisoned.
The adder poisons you! The ufetubus barely misses you.
The ufetubus closely misses you.
As you read the scroll labelled UWIACK HOED, it crumbles to dust.
Wisps of shadow whirl around you...
It was a scroll of summoning.
* * * LOW HITPOINT WARNING * * *
You feel very sick. The adder barely misses you. The ufetubus hits you.
* * * LOW HITPOINT WARNING * * *
The ufetubus barely misses you.
Aiming: Charm
Press: ? - help, Shift-Dir - straight line, f - adder
Aim: an adder (inner flame, ally target, chance to affect: 57%)
The adder is charmed.
You feel sick. The ufetubus hits you.
* * * LOW HITPOINT WARNING * * *
The ufetubus hits you but does no damage.
Your adder closely misses the ufetubus.
Your adder bites the ufetubus.
Flame seeps out of the ufetubus.
The ufetubus is engulfed in blazing flames.
The ufetubus explodes!
The fiery explosion engulfs your adder!!!
The fiery explosion engulfs you!!
Ouch! That really hurt!
You die...

......# #.# ......#
#.# ......# #.#
......# #.# ......#
##.##
...#########...#
######.........#
....##.#####.h.###
............hhh§@#
....##.#########○#
....##.# #S#
....##.# #.###
....##.#########...#
....##...........#.#
.........#.#######.#
####...b.#.#.....#.#
####.....#.#.#.#.#.#


You could see a friendly adder (summoned) and 4 friendly jackals.

Vanquished Creatures
  2 black bears (D:4)
  A sleepcap (D:4)
  9 adders
  5 gnolls
  An ufetubus (D:4)
  A worm (D:4)
  An orc (D:5)
  8 endoplasms
  9 goblins
  7 hobgoblins
  5 jackals (D:4)
  4 kobolds
  4 quokkas
  5 ball pythons
  9 bats
  3 frilled lizards
  3 rats
77 creatures vanquished.

Vanquished Creatures (collateral kills)
  A gnoll sergeant (D:5)
  A gnoll (D:5)
  A jackal (D:5)
3 creatures vanquished.

Vanquished Creatures (others)
  A scorpion (D:5)
  A howler monkey (D:5)
  An adder (D:5)
3 creatures vanquished.

Grand Total: 83 creatures vanquished

Notes
Turn   | Place    | Note
-------+----------+-------------------------------------------
     0 | D:1      | Shayle the Ogre Hexslinger began the quest for the Orb.
     0 | D:1      | Reached XP level 1. HP: 19/19 MP: 2/2
    36 | D:1      | Reached skill level 1 in Unarmed Combat
   115 | D:1      | Reached XP level 2. HP: 27/27 MP: 3/3
   368 | D:1      | Reached skill level 2 in Unarmed Combat
   584 | D:1      | Reached XP level 3. HP: 26/33 MP: 4/4
  1016 | D:2      | Reached skill level 3 in Unarmed Combat
  1109 | D:2      | Reached XP level 4. HP: 30/41 MP: 5/5
  1270 | D:2      | Found a shimmering altar of Xom.
  1819 | D:3      | Learned a level 2 spell: Jinxbite
  2436 | D:4      | Noticed a black bear
  2449 | D:4      | Killed a black bear
  2450 | D:4      | Reached skill level 4 in Unarmed Combat
  2450 | D:4      | Reached XP level 5. HP: 16/48 MP: 6/6
  2681 | D:4      | Reached skill level 5 in Unarmed Combat
  2681 | D:4      | Reached XP level 6. HP: 28/55 MP: 7/7
  2886 | D:5      | Entered Level 5 of the Dungeon
  3110 | D:4      | Found Zoabb's One-of-a-Kind Rings.
  3111 | D:4      | Noticed a black bear
  3123 | D:4      | Killed a black bear
  3212 | D:4      | Found a shimmering altar of Xom.
  3324 | D:4      | Found a staircase to the Ecumenical Temple.
  3333 | Temple   | Entered the Ecumenical Temple
  3425 | D:4      | Reached skill level 6 in Unarmed Combat
  4176 | D:5      | Noticed an ice beast
  4200 | D:5      | Reached XP level 7. HP: 25/62 MP: 8/8
  4219 | D:4      | Killed by an exploding ufetubus... ignited by their inner
                  | flame

Illustrated notes

Levels and vault maps discovered:
D:1:      minmay_arrival_semitransparent, layout_basic, serial_forest,
          infiniplex_forest_end_3, infiniplex_forest_lined_room_2,
          infiniplex_forest_clump_tiny, infiniplex_forest_lined_corner,
          infiniplex_forest_straight_4, infiniplex_forest_end_3,
          infiniplex_forest_lined_1, infiniplex_forest_lined_corner,
          infiniplex_forest_end_2, st_stairs_14, minmay_tromino_v4_c
D:2:      layout_basic, basic_altar
D:3:      layout_loops_ring
D:4:      layout_basic, xom_butterflies, minmay_temple_entry_grid,
          nicolae_shop_unique_rings, minmay_misc_feat_ornament
D:5:      minmay_bubble_buster, layout_cave_pools, serial_gnoll_camp,
          gnoll_camp_mini_shop, gnoll_camp_huts_moat, gnoll_camp_mini_house,
          gnoll_camp_mini_hut, gnoll_camp_mini_doghouse, gnoll_camp_mini_hut,
          uniq_duvessa
Temple:   jpeg_temple_clearing

Skill      XL: |  1  2  3  4  5  6 |
---------------+-------------------+-----
Unarmed Combat | 1 2 3 4 5 6 |  6.5
Fighting       | |  1.3
Ranged Weapons | |  1.3
Dodging        | |  1.7
Spellcasting   | |  1.2
Hexes          | |  2.6
Fire Magic     | |  0.8

Action                     |  1- 3 |  4- 6 |  7- 9 || total
---------------------------+-------+-------+-------++-------
  Melee: Sling             |     1 |       |       ||     1
   Fire: Sling             |   160 |   196 |       ||   356
   Cast: Jinxbite          |       |     7 |       ||     7
  Evoke: Wand              |       |     7 |     3 ||    10
    Use: Potion            |     3 |     2 |     3 ||     8
         Scroll            |       |     2 |     4 ||     6
 Armour: Robe              |    86 |   132 |    29 ||   247
  Dodge: Dodged            |    70 |   122 |    27 ||   219

Table legend: (Time is in decaauts)
 A = Elapsed time spent in this place.
 B = Non-inter-level travel time spent in this place.
 C = Inter-level travel time spent in this place.
 D = Time resting spent in this place.
 E = Time spent auto-exploring this place.
 F = Levels seen in this place.
 G = Mean time per level.
                   A        B        C        D        E       F      G
               +--------+--------+--------+--------+--------+-----+--------+
         Total |   4322 |   4117 |    205 |    715 |   2346 |   6 |  720.3 |
       Dungeon |   4320 |   4115 |    205 |    715 |   2346 |   5 |  864.0 |
        Temple |      1 |      1 |      0 |      0 |      0 |   1 |    1.0 |
               +--------+--------+--------+--------+--------+-----+--------+

Top non-repeatable levels by time:
     D:4: 1629 daAuts
     D:2: 1010 daAuts
     D:1: 826 daAuts
     D:3: 770 daAuts
     D:5: 83 daAuts
  Temple: 1 daAuts
